Map: Tokamak LE

Players

SubN - Winner!

  • Race: Zerg Zerg
  • League: Diamond
  • Spawn Location: 7:00

nemtor

  • Race: Protoss Protoss
  • League: Platinum
  • Spawn Location: 1:00

VOD

Have the link to the VOD?

Description

Time

  • Played on: July 28, 2025, 5:51 p.m.
  • Length: 6:50
Show
View Real Time Build Order
Export as new Build Order

SubN Zerg - Winner!

Build Orders: Pool First 

Get SALT Encoding   

  12  0:00  Drone  
  13  0:10  Drone  
  14  0:20  Overlord  
  14  0:38  Drone x3  
  17  0:52  Spawning Pool  
  16  1:13  Hatchery  
  15  1:22  Drone x2, Extractor  
  17  1:40  Zergling x4  
  17  1:46  Zergling x2  
  19  1:50  Queen  
  21  1:56  Drone  
  22  2:05  Overlord  
  22  2:24  Drone  
  22  2:25  Drone  
  22  2:26  Queen  
  26  2:44  Drone x3  
  28  3:00  Drone x2  
  28  3:01  Drone x4  
  33  3:13  Drone x2  
  33  3:16  Overlord  
  34  3:35  Queen  
  34  3:40  Roach Warren  
  35  3:43  Extractor  
  35  3:44  Drone, Metabolic Boost  
  35  3:48  Drone x5  
  40  4:03  Overlord  
  40  4:04  Overlord  
  40  4:10  Drone  
  40  4:11  Drone x2  
  40  4:15  Drone, Extractor  
  44  4:27  Overlord  
  44  4:28  Roach x3  
  50  4:40  Roach x5  
  60  4:46  Overlord x2  
  60  4:48  Zergling x2  
  63  4:53  Roach x2  
  63  4:59  Ravager  
  66  5:01  Ravager  
  66  5:02  Ravager  
  66  5:03  Overlord x2  
  68  5:17  Zergling x2  
  68  5:18  Zergling x10  
  74  5:27  Lair  
  74  5:32  Roach x2  
  74  5:34  Drone x2, Hatchery  
  75  6:22  Zergling x20  
  85  6:26  Spore Crawler  
  85  6:27  Spore Crawler  
  85  6:28  Overseer  
  85  6:29  Overseer  
Show
View Real Time Build Order
Export as new Build Order

nemtor Protoss 

Build Orders: 1 Gate Expand 

Get SALT Encoding   

  1  0:00  Probe  
  12  0:06  Probe  
  14  0:16  Probe  
  15  0:35  Pylon  
  15  0:54  Gateway  
  14  1:00  Probe  
  15  1:08  Probe  
  15  1:16  Probe  
  17  1:28  Pylon  
  17  1:31  Nexus  
  17  1:38  Assimilator  
  17  1:46  Probe  
  18  1:52  Gateway  
  18  1:57  Gateway, Probe  
  19  2:05  Probe  
  19  2:13  Probe  
  20  2:17  Gateway  
  21  2:25  Probe  
  22  2:31  Pylon  
  22  2:37  Probe  
  21  2:49  Probe  
  22  2:57  Pylon  
  21  3:01  Probe  
  21  3:04  Pylon  
  22  3:22  Probe  
  22  3:25  Probe  
  23  3:30  Probe  
  24  3:35  Zealot  
  24  3:36  Probe  
  24  3:40  Probe  
  28  3:48  Probe  
  29  3:52  Probe  
  29  3:54  Cybernetics Core  
  31  4:00  Probe  
  32  4:04  Probe  
  32  4:05  Assimilator  
  33  4:10  Pylon  
  33  4:16  Probe  
  34  4:26  Assimilator  
  34  4:27  Assimilator  
  34  4:28  Probe  
  34  4:31  Probe  
  34  4:37  Probe  
  36  4:39  Probe  
  36  4:45  Probe  
  38  4:49  Probe  
  40  4:53  Probe  
  41  5:01  Probe x2  
  41  5:03  Twilight Council  
  41  5:04  Stargate  
  43  5:13  Probe x2  
  47  5:19  Adept x2  
  49  5:23  Adept  
  49  5:25  Probe  
  52  5:29  Pylon  
  52  5:32  Robotics Facility  
  52  5:37  Probe  
  52  5:40  Gateway  
  53  5:43  Gateway  
  53  5:45  Gateway  
  53  5:53  Shield Battery  
  53  5:55  Shield Battery  
  46  6:25  Pylon  
  46  6:28  Pylon  
  44  6:37  Pylon  
  38  6:40  Pylon  
  38  6:43  Pylon  
  38  6:44  Cybernetics Core  
Tags
 
Add a new tag
Caveats
  • Supply blocks, unpowered buildings, or Contaminate may cause inaccurate times.
  • Supply counts are checked every 10 seconds.